AoeStats
← Erickinio

Arena

509201334Analyzed
3v3 RM · 6d ago on Sep 25, 2026· 63m 40s· 6 players
Game mode
Random Map
Map size
Normal (6 player)
Population
200
Speed
Normal
Resources
Standard
Victory
Conquest
Starting age
Dark Age
Ending age
Imperial Age
RankedLock teamsTeams togetherTeam positionsShared explorationLock speedFull tech treeHidden civsTurbo modeCheats
Victory
Defeat
🇺🇸 Turks · United States
952
+17
🇦🇷 Celts · Argentina
902
+19
🇩🇪 Spanish · Germany
897
+20
🇨🇱 Sicilians · Chile
1019
-20
🇨🇱 Goths · Chile
965
-18
🇨🇱 Khmer · Chile
949
-18
NachoFries4886
0:30 Loom
12:53 Feudal Age
17:31 Castle Age
16:15 Double-Bit Axe
16:45 Horse Collar
17:01 Gold Mining
31:38 Imperial Age
31:52 Fletching
32:02 Padded Archer Armor
32:47 Ballistics
32:52 Heavy Plow
34:59 Bodkin Arrow
35:19 Leather Archer Armor
36:08 Bracer
37:46 Ring Archer Armor
37:46 Elite Janissary
39:56 Bloodlines
39:46 Husbandry
40:23 Scale Barding Armor
40:21 Scale Mail Armor
40:31 Forging
41:27 Wheelbarrow
40:37 Town Watch
42:08 Chain Barding Armor
42:04 Chain Mail Armor
42:26 Bow Saw
43:55 Artillery
44:31 Hoardings
43:27 Sappers
43:26 Heavy Camel Rider
45:21 Conscription
46:12 Heavy Scorpion
48:42 Gold Shaft Mining
47:58 Stone Mining
49:26 Plate Barding Armor
49:21 Plate Mail Armor
49:28 Iron Casting
60:02 Blast Furnace
Wurzelsepp
11:47 Feudal Age
15:46 Castle Age
13:53 Double-Bit Axe
14:16 Horse Collar
15:21 Loom
15:58 Scale Barding Armor
17:46 Bow Saw
21:51 Gold Mining
24:53 Wheelbarrow
24:51 Scale Mail Armor
25:10 Forging
25:21 Bloodlines
26:25 Chain Barding Armor
26:41 Iron Casting
26:25 Husbandry
26:57 Stone Mining
27:10 Heavy Plow
26:58 Town Watch
29:03 Hand Cart
30:55 Padded Archer Armor
34:02 Imperial Age
31:55 Masonry
34:07 Cavalier
35:26 Plate Barding Armor
35:17 Conscription
35:52 Stone Shaft Mining
35:36 Paladin
37:20 Blast Furnace
37:36 Architecture
37:15 Capped Ram
40:22 Leather Archer Armor
39:38 Siege Ram
40:52 Elite Conquistador
42:00 Thumb Ring
42:28 Ring Archer Armor
41:49 Fletching
43:29 Chemistry
42:14 Elite Skirmisher
42:34 Heavy Mounted Crossbowman
43:05 Onager
44:48 Bodkin Arrow
47:22 Squires
46:43 Pikeman
48:26 Bracer
48:27 Scale Mail Armor
48:14 Halberdier
49:11 Light Cavalry
50:09 Chain Mail Armor
50:24 Hussar
55:40 Plate Mail Armor
58:23 Caravan
59:54 Arson
Erickinio
11:45 Feudal Age
11:52 Loom
12:26 Double-Bit Axe
12:16 Man-at-Arms
16:11 Arson
21:30 Wheelbarrow
21:19 Forging
26:37 Castle Age
25:30 Scale Mail Armor
27:09 Long Swordsman
27:35 Gambesons
31:45 Iron Casting
31:28 Hand Cart
31:34 Bow Saw
31:22 Stone Mining
31:22 Gold Mining
34:23 Pikeman
35:24 Chain Mail Armor
36:21 Masonry
37:26 Town Watch
38:39 Stronghold
43:20 Imperial Age
42:05 Murder Holes
44:35 Conscription
44:52 Onager
45:47 Gold Mining
46:35 Stone Shaft Mining
50:09 Conscription
49:18 Halberdier
54:07 Blast Furnace
53:13 Town Patrol
56:20 Chemistry
59:50 Siege Engineers
59:56 Fortified Wall
62:40 Gold Shaft Mining
63:54 Blast Furnace
63:58 Plate Mail Armor
63:47 Fletching
63:57 Padded Archer Armor
croockerwilliam
12:11 Feudal Age
18:07 Castle Age
16:16 Double-Bit Axe
16:20 Horse Collar
20:06 Gold Mining
21:21 Stone Mining
28:20 Imperial Age
26:04 Town Watch
27:05 Wheelbarrow
27:43 Scale Mail Armor
27:53 Forging
29:11 First Crusade
29:49 Heavy Plow
31:27 Conscription
31:25 Chain Mail Armor
31:45 Iron Casting
31:51 Gold Shaft Mining
32:51 Elite Serjeant
34:44 Elite Skirmisher
40:21 Plate Mail Armor
40:51 Blast Furnace
56:05 Padded Archer Armor
56:02 Fletching
57:07 Leather Archer Armor
57:05 Bodkin Arrow
60:42 Bracer
gnzlozc
12:46 Feudal Age
21:41 Castle Age
19:45 Double-Bit Axe
20:05 Gold Mining
20:52 Stone Mining
20:48 Horse Collar
24:22 Bow Saw
24:14 Heavy Plow
24:57 Gold Shaft Mining
25:01 Stone Shaft Mining
36:02 Imperial Age
35:25 Ballistics
35:16 Fortified Wall
35:17 Masonry
37:51 Conscription
37:38 Double Crossbow
37:05 Elite Ballista Elephant
38:10 Heavy Scorpion
42:07 Scale Barding Armor
41:32 Cavalier
45:14 Murder Holes
45:54 Architecture
46:25 Chemistry
52:16 Caravan
59:36 Pikeman
60:06 Arson
61:18 Halberdier
Frantastique
0:48 Loom
12:51 Feudal Age
14:26 Town Watch
17:27 Castle Age
15:13 Horse Collar
15:20 Double-Bit Axe
16:34 Man-at-Arms
18:03 Forging
18:31 Long Swordsman
20:02 Squires
20:59 Scale Mail Armor
22:41 Chain Mail Armor
25:49 Iron Casting
24:48 Pikeman
26:55 Wheelbarrow
27:59 Fletching
28:51 Town Patrol
30:05 Hand Cart
30:22 Stone Mining
33:26 Imperial Age
30:59 Gold Mining
31:46 Treadmill Crane
33:10 Stone Shaft Mining
33:00 Bow Saw
32:53 Heavy Plow
33:47 Bodkin Arrow
35:32 Two-Man Saw
34:05 Two-Handed Swordsman
35:48 Blast Furnace
34:50 Bracer
34:18 Halberdier
35:12 Perfusion
35:38 Anarchy
36:36 Conscription
39:35 Elite Huskarl
43:57 Padded Archer Armor
46:35 Chemistry
45:57 Ballistics
46:10 Murder Holes
49:48 Leather Archer Armor
54:29 Crop Rotation
58:04 Crossbowman
Connection lost

Rejoining the realm…

Still unreachable

The connection could not be restored.

Session expired

The server has moved on; the page needs a fresh start.